 Dungeon Crawl Stone Soup version 0.23.2 (webtiles) character file.

Game seed: 8714745512920573007

361 myga the Vandal (level 6, 0/46 HPs)
             Began as a Formicid Arcane Marksman on Apr 2, 2019.
             Was an Initiate of Sif Muna.
             Slain by a river rat (7 damage)
             ... summoned by Flogoulo's ghost
             ... on level 3 of the Dungeon on Apr 3, 2019.
             The game lasted 00:19:34 (3222 turns).

myga the Vandal (Formicid Arcane Marksman)          Turns: 3222, Time: 00:19:34

Health: 0/46       AC:  3    Str: 20    XL:     6   Next: 98%
Magic:  8/8        EV: 12    Int: 13    God:    Sif Muna [......]
Gold:   177        SH:  0    Dex: 12    Spells: 2/8 levels left

rFire    . . .     SeeInvis +   j - +0 scythe
rCold    . . .     Gourm    .   (no shield)
rNeg     . . .     Faith    +   b - +1 robe
rPois    .         Spirit   .   (helmet unavailable)
rElec    .         Reflect  .   (no cloak)
rCorr    .         Harm     .   (no gloves)
MR       .....                  (no boots)
Stlth    ++........             r - amulet of faith
HPRegen  0.15/turn              (no ring)
MPRegen  0.11/turn              (no ring)

@: mighty
A: permanent stasis, dig shafts and tunnels, four strong arms, antennae 3
a: Dig, Shaft Self, Renounce Religion


You were on level 3 of the Dungeon.
You worshipped Sif Muna.
Sif Muna was noncommittal.
You were not hungry.

You visited 1 branch of the dungeon, and saw 3 of its levels.

You collected 177 gold pieces.

Inventory:

Hand Weapons
 a - a +0 flail
 j - a +0 scythe (weapon)
 x - a +0 hunting sling
 y - a +0 dagger
Missiles
 d - 16 sling bullets
 k - 77 stones (quivered)
Armour
 b - a +1 robe (worn)
 o - a +1 robe of fire resistance
Jewellery
 p - an uncursed amulet of the acrobat
 r - an amulet of faith (around neck)
Scrolls
 c - a scroll of immolation
 h - 2 scrolls of remove curse
 i - a scroll of amnesia {unknown}
 m - 2 scrolls of enchant armour
 q - a scroll of magic mapping {unknown}
 s - a scroll of fear {unknown}
 u - a scroll of noise {unknown}
 w - a scroll of enchant weapon {unknown}
 z - a scroll of random uselessness {unknown}
Potions
 e - a potion of heal wounds
 g - a potion of resistance
 n - 3 potions of curing
 v - a potion of lignification
Comestibles
 f - 6 rations


   Skills:
 + Level 2.6 Fighting
 + Level 0.3 Short Blades
 + Level 5.4(5.5) Slings
 + Level 0.4(3.1) Throwing
 + Level 2.1 Dodging
 + Level 1.0 Stealth
 + Level 1.7 Spellcasting
 + Level 5.0 Hexes
 + Level 0.5 Translocations


You had 2 spell levels left.
You knew the following spells:

 Your Spells              Type           Power        Failure   Level  Hunger
a - Corona                Hex            ##.....      3%          1    ##.....
b - Slow                  Hex            ##......     4%          2    ###....
c - Portal Projectile     Hex/Tloc       #.....       26%         3    ####...

Your spell library contained the following spells:

 Spells                   Type           Power        Failure   Level  Hunger
 Inner Flame              Hex/Fire       #.......     28%         3    ####...
 Cause Fear               Hex            ##........   32%         4    #####..
 Leda's Liquefaction      Hex/Erth       #.........   67%         4    #####..


Dungeon Overview and Level Annotations

Branches:
Dungeon (3/15)

Altars:
Gozag
Ru
Sif Muna
Trog

Shops:
D:3 *

Annotations:
D:3 1 transporter, Flogoulo's ghost, weakling DESu


Innate Abilities, Weirdness & Mutations

You cannot be hasted, slowed, berserked, paralysed or teleported.
You can dig through walls and to a lower floor.
Your four strong arms can wield two-handed weapons with a shield.
You have a pair of large antennae on your head. (SInv)


Message History

* * * LOW HITPOINT WARNING * * *
The bullfrog skeleton misses you.
Really attack while wielding your +0 hunting sling? [Y]es or [N]o only, please.
Really attack while wielding your +0 hunting sling? [Y]es or [N]o only, please.
Really attack while wielding your +0 hunting sling?
Okay, then.
Wield which item (- for none, * to show all)? (? for menu, Esc to quit)
j - a +0 scythe (weapon)
The bullfrog skeleton misses you.
You slice the bullfrog skeleton!!
You destroy the bullfrog skeleton!
Sif Muna accepts your kill. The river rat bites you.
* * * LOW HITPOINT WARNING * * *
The centaur zombie hits you.
* * * LOW HITPOINT WARNING * * *
The river rat bites you!
You die...

..##.##...#.#..(.§......#.#
..#.###.###.#..###.###..#.#
...####.###.#..#8#(#8#..#.##
#.......##..#$..........#..######
##.#.##.#..©#)..r(©.....#©..##.<.
..#.........#..{........#......##
##.####.#.#.#r.#8#.#8#..#.####.#
.### #)#.#.#rW###.###..#.# #.#
..# #.#.#.#.5Z@.(...?.#.# #.#
.######.#<#.#©.r........#.# #.#
............#############.# #.#
.######.#.#...............# #.##
.######.#.#.####.########## #.##
.....##..........# #...
.###.##...#....##################
..........#...)...........)......
.###.##.#.#....########.##)###...


You could see Flogoulo's ghost, a river rat, a shadow imp, a centaur zombie and
2 rats.

Vanquished Creatures
  Sigmund (D:3)
  A bullfrog skeleton (D:3)
  Jessica (D:2)
  3 adders (D:2)
  2 oozes (D:3)
  A worm (D:2)
  5 dart slugs (D:1)
  2 leopard geckos
  5 orcs (D:3)
  4 giant cockroaches
  12 goblins
  11 hobgoblins
  8 jackals (D:2)
  5 kobolds
  3 ball pythons
  9 bats
  6 frilled lizards
  A leopard gecko skeleton (D:3)
  16 rats
96 creatures vanquished.

Notes
Turn   | Place    | Note
-------+----------+-------------------------------------------
     0 | D:1      | myga the Formicid Arcane Marksman began the quest for the
                  | Orb.
     0 | D:1      | Reached XP level 1. HP: 15/15 MP: 2/2
    31 | D:1      | Reached XP level 2. HP: 16/21 MP: 3/3
   254 | D:1      | Reached XP level 3. HP: 26/26 MP: 4/4
   821 | D:1      | Learned a level 2 spell: Slow
   881 | D:1      | Reached XP level 4. HP: 32/32 MP: 2/5
  1323 | D:2      | Found a deep blue altar of Sif Muna.
  1444 | D:2      | Became a worshipper of Sif Muna the Loreminder
  1631 | D:2      | Reached XP level 5. HP: 29/38 MP: 6/6
  1690 | D:2      | Learned a level 3 spell: Portal Projectile
  1706 | D:2      | Noticed Jessica
  1711 | D:2      | Killed Jessica
  1981 | D:2      | Noticed a moth of wrath
  1983 | D:2      | Found a bloodstained altar of Trog.
  2429 | D:3      | Found a transporter.
  2429 | D:3      | Noticed Flogoulo's ghost (weakling DESu)
  2448 | D:3      | Found a transporter.
  2517 | D:3      | Found Gozag's Platinum Reserve.
  2751 | D:3      | Noticed Sigmund
  2775 | D:3      | Killed Sigmund
  2775 | D:3      | Reached skill level 5 in Slings
  2775 | D:3      | Reached skill level 1 in Stealth
  2775 | D:3      | Reached skill level 5 in Hexes
  2775 | D:3      | Reached XP level 6. HP: 46/46 MP: 1/8
  2796 | D:3      | Found a sacrificial altar of Ru.
  2822 | D:3      | Found an opulent altar of Gozag.
  3222 | D:3      | Slain by a river rat

Skill      XL: |  1  2  3  4  5 |
---------------+----------------+-----
Hexes          | 4 5 |  5.0
Slings         | 3 5 |  5.4
Fighting       | 2 |  2.6
Dodging        | 2 |  2.1
Stealth        | 1 |  1.0
Short Blades   | |  0.3
Throwing       | |  0.4
Spellcasting   | |  1.7
Translocations | |  0.5

Action                   |  1- 3 |  4- 6 || total
-------------------------+-------+-------++-------
Melee: Dagger            |       |     5 ||     5
       Scythe            |       |     6 ||     6
 Fire: Hunting sling     |   101 |   157 ||   258
Throw: Stone             |       |    50 ||    50
 Cast: Corona            |     4 |     4 ||     8
       Portal Projectile |       |     4 ||     4
       Slow              |       |     2 ||     2
  Use: Scroll            |       |     7 ||     7
       Potion            |       |     2 ||     2
  Eat: Chunk             |       |     8 ||     8
Armor: Robe              |    12 |    22 ||    34
Dodge: Dodged            |    28 |    80 ||   108
